[Event "Titled Tuesday Blitz May 16 Early 2023"]
[White "littlepillow2010"]
[Black "Kiseljova, Marya"]
[BlackFideId "4155009"]
[WhiteElo "2326"]
[BlackElo "1831"]
[Result "0-1"]
[Round "07"]
[TimeControl "180+2"]
[Date "2023.05.16"]
[WhiteClock "0:00:46"]
[BlackClock "0:00:44"]

1. e4 c5 2. Nf3 Nc6 3. d4 cxd4 4. Nxd4 g6 5. c4 Bg7 6. Be3 Nf6 7. Nc3 O-O 8. Be2 d6 9. O-O Bd7 10. h3 Nxd4 11. Bxd4 Bc6 12. f3 a5 13. Rc1 Nd7 14. Be3 Nc5 15. b3 Be5 16. Qd2 e6 17. Rfd1 b6 18. Bd4 Qf6 19. Bxe5 dxe5 20. Qe3 Rad8 21. Rxd8 Rxd8 22. Rd1 Rxd1+ 23. Bxd1 Qd8 24. Be2 h5 25. Nb1 Qd4 26. Kf2 f5 27. Nc3 fxe4 28. fxe4 Nxe4+ 29. Nxe4 Bxe4 30. Qxd4 exd4 31. Bf3 Bb1 32. a3 Ba2 33. Bd1 Kf7 34. Bc2 a4 35. bxa4 Bxc4 36. g4 hxg4 37. hxg4 g5 38. Kf3 Bd5+ 39. Ke2 Kf6 40. Kd3 Ke5 41. Bd1 Be4+ 42. Kc4 Bc6 43. Kd3 Bd5 44. Be2 Bb3 0-1


[Site "https://www.chess.com"]

[Event "Titled Tuesday Blitz May 16 Early 2023"]
[White "Karthik Sai Ch"]
[Black "Ciuffoletti, Paolo"]
[WhiteFideId "46649484"]
[BlackFideId "807630"]
[WhiteElo "2003"]
[BlackElo "2143"]
[Result "1-0"]
[Round "07"]
[TimeControl "180+2"]
[Date "2023.05.16"]
[WhiteClock "0:00:34"]
[BlackClock "0:00:02"]

1. e4 c5 2. Nf3 Nc6 3. Bb5 e6 4. b3 Nge7 5. Bb2 a6 6. Be2 Ng6 7. g3 f6 8. O-O Be7 9. d4 cxd4 10. Nxd4 O-O 11. c4 Bc5 12. Nc2 Qe7 13. Kg2 b6 14. f4 Bb7 15. Bf3 Rfd8 16. a3 a5 17. Nc3 Qf7 18. Qe2 Nce7 19. b4 axb4 20. axb4 Bd6 21. Nb5 Rxa1 22. Rxa1 Bb8 23. Qe3 d5 24. Rd1 Qe8 25. Qxb6 dxe4 26. Rxd8 exf3+ 27. Kf2 1-0


[Site "https://www.chess.com"]

[Event "Titled Tuesday Blitz May 16 Early 2023"]
[White "Barbot, Pierre"]
[Black "MANOJ_MISHRA123"]
[WhiteFideId "663727"]
[WhiteElo "2431"]
[BlackElo "2157"]
[Result "0-1"]
[Round "07"]
[TimeControl "180+2"]
[Date "2023.05.16"]
[WhiteClock "0:00:00"]
[BlackClock "0:00:06"]

1. d4 Nf6 2. Nc3 g6 3. e4 d6 4. f4 Bg7 5. Nf3 O-O 6. Bd3 Nbd7 7. h3 e5 8. dxe5 dxe5 9. fxe5 Ne8 10. Bg5 f6 11. exf6 Nexf6 12. O-O h6 13. Be3 Qe7 14. Qd2 Kh7 15. Rae1 c6 16. Bd4 c5 17. Bf2 Ne5 18. Nxe5 Qxe5 19. Nd5 Qxb2 20. Bxc5 Rf7 21. Nxf6+ Rxf6 22. Rxf6 Qxf6 23. e5 Qc6 24. Qe3 Bd7 25. e6 Bxe6 26. Qxe6 Qxc5+ 27. Kh1 Qg5 28. Qd7 Rd8 29. Qxb7 Qg3 30. Re7 Rg8 31. Re6 Qf2 32. Rxg6 Qf1+ 33. Kh2 Qf4+ 34. Rg3+ Kh8 35. Qd7 h5 36. Qe6 h4 37. Qg6 hxg3+ 38. Kg1 Qc1+ 39. Bf1 Bd4+ 0-1


[Site "https://www.chess.com"]

[Event "Titled Tuesday Blitz May 16 Early 2023"]
[White "Blokhin, Sofia"]
[Black "Lakshmi C"]
[WhiteFideId "4508190"]
[BlackFideId "25035347"]
[WhiteElo "1994"]
[BlackElo "1942"]
[Result "1-0"]
[Round "07"]
[TimeControl "180+2"]
[Date "2023.05.16"]
[WhiteClock "0:00:03"]
[BlackClock "0:00:00"]

1. d4 Nf6 2. c4 e6 3. Nc3 d5 4. cxd5 exd5 5. Bf4 c6 6. e3 Bd6 7. g3 O-O 8. Nf3 Bg4 9. h3 Bf5 10. Bd3 Ne4 11. Ne5 f6 12. Nf3 Bb4 13. Qc2 Qa5 14. Rc1 Na6 15. O-O Bxh3 16. Rfd1 f5 17. Ne5 g5 18. Bxe4 gxf4 19. Bg2 Bxg2 20. Kxg2 fxe3 21. fxe3 Bd6 22. Nd3 Qc7 23. Nf4 Qe7 24. Qe2 Rae8 25. Kf2 Nc7 26. Rh1 Ne6 27. Rh6 Ng5 28. Rch1 Rf6 29. R6h5 Rf7 30. Nd1 Ne4+ 31. Kg2 Rg7 32. R1h3 Bxf4 33. exf4 Nxg3 34. Qxe7 Nxh5+ 35. Qg5 Rxg5+ 36. fxg5 Nf4+ 37. Kg3 Nxh3 38. Kxh3 Re1 39. Nc3 Rc1 40. Kg3 Rc2 41. Nd1 Rd2 42. Ne3 Rxb2 43. Nxf5 Rxa2 44. Ne7+ Kf7 45. Nc8 Kg6 46. Kf4 1-0


[Site "https://www.chess.com"]

[Event "Titled Tuesday Blitz May 16 Early 2023"]
[White "Fernandez Hernandez, Gerardo"]
[Black "Yanayt, Eugene"]
[WhiteFideId "2207400"]
[BlackFideId "2020165"]
[WhiteElo "2166"]
[BlackElo "2083"]
[Result "1-0"]
[Round "07"]
[TimeControl "180+2"]
[Date "2023.05.16"]
[WhiteClock "0:00:58"]
[BlackClock "0:00:51"]

1. e4 c5 2. d3 Nc6 3. g3 g6 4. Bg2 Bg7 5. f4 Rb8 6. Nf3 b5 7. O-O Nh6 8. Nc3 f5 9. e5 d6 10. exd6 exd6 11. Re1+ Ne7 12. Nd5 Rb7 13. Qe2 Ng4 14. Ng5 h6 15. Ne6 Bxe6 16. Qxe6 Rf8 17. Nxe7 Rxe7 18. Bc6+ 1-0


[Site "https://www.chess.com"]

[Event "Titled Tuesday Blitz May 16 Early 2023"]
[White "Necula, Iulian"]
[Black "Zaichenko, Daria"]
[WhiteFideId "1232380"]
[BlackFideId "4197453"]
[WhiteElo "1790"]
[BlackElo "2039"]
[Result "0-1"]
[Round "07"]
[TimeControl "180+2"]
[Date "2023.05.16"]
[WhiteClock "0:00:00"]
[BlackClock "0:00:05"]

1. d4 d5 2. Nc3 c6 3. Bf4 Bf5 4. e3 Nf6 5. Nf3 e6 6. Ne5 Nbd7 7. g4 Bg6 8. h4 h5 9. Nxg6 fxg6 10. Bd3 Nxg4 11. Bxg6+ Ke7 12. Bg5+ Ngf6 13. Qf3 e5 14. O-O-O Qc7 15. dxe5 Nxe5 16. Qf5 Nxg6 17. Qxg6 Qe5 18. f4 Qe6 19. e4 Qf7 20. Qf5 Qe6 21. Qxe6+ Kxe6 22. exd5+ Nxd5 23. Rhe1+ Kd6 24. Ne4+ Kc7 25. c4 Nb6 26. f5 Nxc4 27. Bf4+ Kb6 28. b3 Ba3+ 29. Kb1 Na5 30. Be3+ Ka6 31. Nc5+ Bxc5 32. Bxc5 Rhe8 33. Bd4 Rxe1 34. Rxe1 Rf8 35. Rf1 Rf7 36. Kc2 b6 37. Kd3 c5 38. Be5 Nc6 39. Bc3 b5 40. Ke4 Kb6 41. Kd5 Re7 42. Bxg7 Rxg7 43. f6 Rf7 44. Ke6 Rf8 45. f7 Kc7 46. Rf5 c4 47. Rxh5 Nd8+ 48. Ke7 Rxf7+ 49. Ke8 Kd6 50. Rxb5 Re7+ 51. Kf8 Ne6+ 52. Kg8 Rg7+ 53. Kh8 Rg4 54. h5 c3 55. Rf5 c2 56. Rf1 Nd4 57. Rc1 Rh4 58. Kg7 Rxh5 0-1


[Site "https://www.chess.com"]

[Event "Titled Tuesday Blitz May 16 Early 2023"]
[White "Kriti Mayur Patel"]
[Black "Zaksaite, Salomeja"]
[WhiteFideId "35061780"]
[BlackFideId "12801496"]
[WhiteElo "1306"]
[BlackElo "2059"]
[Result "0-1"]
[Round "07"]
[TimeControl "180+2"]
[Date "2023.05.16"]
[WhiteClock "0:02:23"]
[BlackClock "0:01:40"]

1. e4 c5 2. d4 cxd4 3. c3 Nf6 4. e5 Nd5 5. Bc4 e6 6. Bxd5 exd5 7. Qxd4 d6 8. Qxd5 dxe5 9. Qxd8+ Kxd8 10. Be3 Nc6 11. Nd2 Be6 12. Ngf3 Kc7 13. O-O Rd8 14. Ne4 Be7 15. a3 Bd5 16. Neg5 f6 17. Nh3 g5 18. c4 Bxc4 19. Nd2 Bxf1 20. Rxf1 g4 21. f4 gxh3 22. fxe5 hxg2 23. Kxg2 Rhg8+ 24. Kh1 Nxe5 25. Rc1+ Kb8 26. Bf4 Ka8 27. Bxe5 fxe5 28. Nf3 e4 29. Ne5 e3 30. Nf7 Rdf8 31. Nh6 e2 32. Nxg8 Rf1+ 33. Kg2 Rxc1 34. Nxe7 e1=Q 35. Kh3 Qxe7 36. Kg4 Qe4+ 37. Kh5 Rg1 38. b4 Qg6+ 39. Kh4 Qg4# 0-1


[Site "https://www.chess.com"]

[Event "Titled Tuesday Blitz May 16 Early 2023"]
[White "Suduvasachmatai"]
[Black "lluiss"]
[WhiteElo "2103"]
[BlackElo "2288"]
[Result "1-0"]
[Round "07"]
[TimeControl "180+2"]
[Date "2023.05.16"]
[WhiteClock "0:00:11"]
[BlackClock "0:00:00"]

1. e4 c5 2. c3 d5 3. exd5 Qxd5 4. d4 Nf6 5. Nf3 Bg4 6. Be2 e6 7. O-O Nc6 8. h3 Bh5 9. Na3 cxd4 10. Nb5 Rc8 11. Nfxd4 Nxd4 12. Nxd4 Bxe2 13. Qxe2 a6 14. Be3 Be7 15. Rfd1 O-O 16. Nb3 Qe4 17. Rd4 Qg6 18. Rad1 Rfd8 19. Na5 Rxd4 20. Bxd4 b5 21. Nb7 h6 22. Bxf6 Bxf6 23. a4 Rb8 24. Nc5 bxa4 25. Nxa4 Rb5 26. b4 Qf5 27. Nc5 Bxc3 28. Nxa6 Re5 29. Qc4 Qc2 30. Rd8+ Kh7 31. Qd3+ Qxd3 32. Rxd3 Be1 33. Nc5 Bxb4 34. Nd7 Re1+ 35. Kh2 Be7 36. g3 Bf6 37. Kg2 Be5 38. Rf3 f5 39. Nf8+ Kg8 40. Nxe6 g6 41. Nf4 Bxf4 42. Rxf4 Kf7 43. Ra4 Rb1 44. Ra7+ Kf6 45. h4 Rb3 46. Ra6+ Kg7 47. Ra5 Rd3 48. h5 Rd7 49. Kh3 f4 50. gxf4 gxh5 51. Rxh5 Kg6 52. Ra5 Rd3+ 53. Kg2 Rd4 54. Kg3 Rd3+ 55. f3 Rd1 56. f5+ Kg5 57. f4+ Kf6 58. Kg4 Rg1+ 59. Kf3 Rf1+ 60. Ke3 Re1+ 61. Kf2 Re7 62. Kg3 Re3+ 63. Kg4 Re1 64. Ra6+ Kg7 65. f6+ Kh7 66. Kf5 Rb1 67. f7 Kg7 68. f8=Q+ Kxf8 69. Rxh6 Rb5+ 70. Kg4 Kg7 71. Ra6 Rb1 72. Rc6 Rg1+ 73. Kf5 Rb1 74. Rc7+ Kf8 75. Kg6 Rb6+ 76. Kg5 Ra6 77. f5 Ra1 78. Kg6 1-0


[Site "https://www.chess.com"]

[Event "Titled Tuesday Blitz May 16 Early 2023"]
[White "Vargas Rodriguez, Wilver"]
[Black "rikchessmx"]
[WhiteFideId "3509672"]
[WhiteElo "2246"]
[BlackElo "2245"]
[Result "0-1"]
[Round "07"]
[TimeControl "180+2"]
[Date "2023.05.16"]
[WhiteClock "0:00:00"]
[BlackClock "0:00:50"]

1. c4 Nf6 2. Nc3 e6 3. g3 d5 4. cxd5 exd5 5. d4 c6 6. Bg2 Bb4 7. Qd3 O-O 8. Bg5 Nbd7 9. Nf3 h6 10. Bd2 Bxc3 11. Bxc3 Re8 12. O-O Ne4 13. e3 Ndf6 14. a3 Bf5 15. Qd1 Ng4 16. Be1 g5 17. Nd2 Ngf6 18. Nxe4 Bxe4 19. f3 Bg6 20. Qd2 Qe7 21. Bf2 Nd7 22. Rfe1 f5 23. Rac1 Nf6 24. Qc3 g4 0-1


[Site "https://www.chess.com"]

[Event "Titled Tuesday Blitz May 16 Early 2023"]
[White "Kuchava, Ana"]
[Black "Dahlgren, James Allen"]
[WhiteFideId "13605348"]
[BlackFideId "22256873"]
[WhiteElo "2001"]
[BlackElo "2192"]
[Result "1-0"]
[Round "07"]
[TimeControl "180+2"]
[Date "2023.05.16"]
[WhiteClock "0:01:05"]
[BlackClock "0:01:07"]

1. d4 e6 2. Nf3 c5 3. e3 d5 4. c4 Nf6 5. Nc3 Nc6 6. Be2 Be7 7. O-O O-O 8. Ne5 Nxe5 9. dxe5 Ne4 10. Nxe4 dxe4 11. Qc2 f5 12. exf6 Bxf6 13. Qxe4 Qb6 14. Rb1 Bd7 15. Bf3 Rab8 16. Rd1 Rfd8 17. Bd2 Kf7 18. Qxh7 Bc6 19. Bh5+ Ke7 20. Qg6 Be8 21. Qg4 Bxb2 22. Bxe8 Kxe8 23. Qg6+ Kf8 24. Qc2 1-0


[Site "https://www.chess.com"]

[Event "Titled Tuesday Blitz May 16 Early 2023"]
[White "Hartikainen, Jarmo"]
[Black "Grabinsky, Vladimir"]
[WhiteFideId "503134"]
[BlackFideId "14107074"]
[WhiteElo "2089"]
[BlackElo "2027"]
[Result "1-0"]
[Round "07"]
[TimeControl "180+2"]
[Date "2023.05.16"]
[WhiteClock "0:02:51"]
[BlackClock "0:01:55"]

1. e4 c5 2. c3 Nf6 3. e5 Nd5 4. d4 cxd4 5. Nf3 d6 6. cxd4 Nc6 7. Nc3 Nxc3 8. bxc3 dxe5 9. d5 e4 10. dxc6 Qxd1+ 11. Kxd1 exf3 12. Bb5 Kd8 13. Bf4 a6 14. c7# 1-0


[Site "https://www.chess.com"]

[Event "Titled Tuesday Blitz May 16 Early 2023"]
[White "Antonio, Jorge Carlos"]
[Black "Lohani, Sujana"]
[WhiteFideId "113190"]
[BlackFideId "12311987"]
[WhiteElo "2247"]
[BlackElo "1718"]
[Result "1-0"]
[Round "07"]
[TimeControl "180+2"]
[Date "2023.05.16"]
[WhiteClock "0:00:23"]
[BlackClock "0:00:00"]

1. d4 Nf6 2. Nf3 g6 3. c4 Bg7 4. Nc3 O-O 5. e4 d6 6. Be2 Nbd7 7. Be3 e5 8. d5 a5 9. h3 b6 10. g4 Nc5 11. Nd2 a4 12. b4 axb3 13. axb3 Rxa1 14. Qxa1 Bd7 15. b4 Nb7 16. Kd1 Qa8 17. Qxa8 Rxa8 18. Kc2 Ne8 19. g5 f5 20. exf5 Bxf5+ 21. Kb3 e4 22. Ndxe4 Kf7 23. Ng3 Bd7 24. f4 Bxc3 25. Kxc3 Ra3+ 26. Kd2 Ng7 27. Bg4 Bf5 28. Nxf5 Nxf5 29. Bxf5 gxf5 30. Re1 Rb3 31. Ra1 Rxb4 32. Kc3 c5 33. dxc6 Rxc4+ 34. Kxc4 Nc5 35. Bxc5 dxc5 36. c7 1-0


[Site "https://www.chess.com"]

[Event "Titled Tuesday Blitz May 16 Early 2023"]
[White "Cramling Bellon, Anna"]
[Black "Kretchetov, Alexandre"]
[WhiteFideId "32009232"]
[BlackFideId "4124588"]
[WhiteElo "1976"]
[BlackElo "2458"]
[Result "1-0"]
[Round "07"]
[TimeControl "180+2"]
[Date "2023.05.16"]
[WhiteClock "0:00:14"]
[BlackClock "0:00:07"]

1. d4 d5 2. c4 e6 3. Nc3 Nf6 4. cxd5 exd5 5. Bg5 Be7 6. e3 Be6 7. Bd3 Nbd7 8. Qc2 c5 9. dxc5 Bxc5 10. Nf3 h6 11. Bh4 a6 12. O-O b5 13. Ne2 Rc8 14. Rac1 O-O 15. Qd2 Qb6 16. Ned4 Ne4 17. Qe2 g5 18. Bg3 Ndf6 19. Nxe6 fxe6 20. Ne5 h5 21. Bxe4 dxe4 22. h4 g4 23. Ng6 Rfe8 24. Be5 Kg7 25. Nf4 Bd6 26. Nxh5+ Kf7 27. Nxf6 Bxe5 28. Nxe8 Rxe8 29. Qxg4 Bf6 30. Qxe4 Rg8 31. Rc6 Qb8 32. Qxe6+ Kg6 33. Qxf6+ Kh7 34. Qh6# 1-0


[Site "https://www.chess.com"]

[Event "Titled Tuesday Blitz May 16 Early 2023"]
[White "Ziatdinov, Raset"]
[Black "NtcPou"]
[WhiteFideId "2015323"]
[WhiteElo "2220"]
[BlackElo "2023"]
[Result "1-0"]
[Round "07"]
[TimeControl "180+2"]
[Date "2023.05.16"]
[WhiteClock "0:00:38"]
[BlackClock "0:00:10"]

1. e4 c6 2. d4 d5 3. Nc3 dxe4 4. Nxe4 Bf5 5. Ng3 Bg6 6. h4 h6 7. h5 Bh7 8. Nf3 Nd7 9. Bd3 Bxd3 10. Qxd3 e6 11. Bd2 Ngf6 12. O-O-O Be7 13. Ne4 Nxe4 14. Qxe4 Nf6 15. Qe2 Qd5 16. Kb1 Qe4 17. Qxe4 Nxe4 18. Be3 O-O 19. c3 f5 20. Ne5 f4 21. Rhe1 fxe3 22. Rxe3 Nf6 23. Ng6 Rf7 24. Rxe6 Bf8 25. Rde1 Nxh5 26. f3 Kh7 27. Ne5 Re7 28. Rxe7 Bxe7 29. g4 Ng3 30. Kc2 Bf6 31. Kd3 h5 32. gxh5 Nxh5 33. Ng4 Nf4+ 34. Kc2 Kg6 35. Re4 Nh5 36. Kd3 Rd8 37. Kc4 Rd7 38. Re8 Re7 39. Ra8 b6 40. a3 Bg5 41. Ne5+ Kh7 42. Nxc6 Rc7 43. Kb5 Bc1 44. d5 Bxb2 45. Rxa7 Rc8 46. d6 Bxc3 47. d7 Rxc6 48. Kxc6 Bf6 49. Kxb6 Nf4 50. Kc6 Ne6 51. Ra8 Nd8+ 52. Kd6 Kg6 53. a4 Kf5 54. a5 Nb7+ 55. Kc7 Nxa5 56. Rxa5+ Kf4 57. d8=Q Bxd8+ 58. Kxd8 Kxf3 59. Rg5 1-0


[Site "https://www.chess.com"]

[Event "Titled Tuesday Blitz May 16 Early 2023"]
[White "Papayan, Oleg"]
[Black "zsizsi99"]
[WhiteFideId "4193911"]
[WhiteElo "2171"]
[BlackElo "2019"]
[Result "1-0"]
[Round "07"]
[TimeControl "180+2"]
[Date "2023.05.16"]
[WhiteClock "0:00:05"]
[BlackClock "0:00:00"]

1. e4 c5 2. d4 cxd4 3. Qxd4 Nc6 4. Qd3 g6 5. Nc3 Bg7 6. Nf3 d6 7. Be2 Nf6 8. O-O O-O 9. Nd5 Bg4 10. c3 Rc8 11. Bg5 Re8 12. a4 Bxf3 13. Qxf3 Ne5 14. Qe3 Nxd5 15. exd5 Qa5 16. Bb5 f6 17. Bxe8 fxg5 18. Bb5 a6 19. Be2 Qxd5 20. Rfd1 Qb3 21. Rd2 g4 22. Ra3 Qe6 23. a5 h5 24. Qe4 Rc6 25. Ra4 Bh6 26. Rd1 Kg7 27. Rb4 Qc8 28. Bd3 Qc7 29. Qd4 Rc5 30. Be4 Rc4 31. Rxc4 Qxc4 32. Bxb7 Qb5 33. Qb4 Qe2 34. Rf1 Bf4 35. Qxf4 Qxb2 36. Bd5 Qxc3 37. Qe3 Qxa5 38. Be6 Qa4 39. f3 gxf3 40. gxf3 a5 41. f4 Nc6 42. Qc3+ Kh7 43. f5 Qg4+ 44. Qg3 Qd4+ 45. Kh1 Ne5 46. fxg6+ Nxg6 47. Rf7+ Kh6 48. Bh3 Qd5+ 49. Rf3 Qd1+ 50. Rf1 Qd5+ 51. Bg2 Qe6 52. Qf3 a4 53. Bh3 Qe5 54. Bf5 Nh4 55. Qf4+ Qxf4 56. Rxf4 Kg5 57. Rxa4 Nxf5 58. Kg2 d5 59. Kf3 e5 60. Ra5 e4+ 61. Ke2 d4 62. Re5 Kf4 63. Re8 d3+ 64. Ke1 e3 65. Rf8 Ke4 66. Re8+ Kf4 67. Rf8 h4 68. h3 Ke4 69. Re8+ 1-0


[Site "https://www.chess.com"]

[Event "Titled Tuesday Blitz May 16 Early 2023"]
[White "White, John S."]
[Black "rionelG"]
[WhiteFideId "2502348"]
[WhiteElo "1991"]
[BlackElo "2214"]
[Result "0-1"]
[Round "07"]
[TimeControl "180+2"]
[Date "2023.05.16"]
[WhiteClock "0:00:04"]
[BlackClock "0:00:20"]

1. e4 c5 2. Nf3 d6 3. d4 cxd4 4. Nxd4 Nf6 5. Nc3 a6 6. Be3 e5 7. Nb3 Be7 8. f3 Be6 9. Be2 O-O 10. O-O b5 11. Nd5 Bxd5 12. exd5 Nbd7 13. c4 bxc4 14. Bxc4 Nb6 15. Qd3 Nxc4 16. Qxc4 a5 17. Rac1 a4 18. Nd2 Qa5 19. Bg5 Nxd5 20. Bxe7 Nxe7 21. Rfd1 d5 22. Qc7 Ng6 23. Qxa5 Rxa5 24. Rc7 h5 25. Rdc1 Rb5 26. b3 axb3 27. axb3 Ra8 28. R7c5 Rxc5 29. Rxc5 Rd8 30. b4 Nf4 31. b5 f6 32. b6 Rb8 33. Rc6 Kf8 34. Nb3 Ke7 35. Nc5 Ne2+ 36. Kf2 Nd4 37. Rc7+ Kd6 38. Na6 Rxb6 39. Rxg7 Rxa6 0-1


[Site "https://www.chess.com"]

[Event "Titled Tuesday Blitz May 16 Early 2023"]
[White "Maghsoodloo, Parham"]
[Black "Dubov, Daniil"]
[WhiteFideId "12539929"]
[BlackFideId "24126055"]
[WhiteElo "2655"]
[BlackElo "2793"]
[Result "1-0"]
[Round "08"]
[TimeControl "180+2"]
[Date "2023.05.16"]
[WhiteClock "0:00:17"]
[BlackClock "0:00:00"]

1. d4 Nf6 2. c4 e6 3. Nf3 d5 4. Nc3 Be7 5. cxd5 exd5 6. Bf4 O-O 7. e3 Bf5 8. h3 c6 9. Nh4 Be6 10. Bd3 Re8 11. O-O Nbd7 12. Nf3 Nf8 13. Qc2 Rc8 14. Rab1 Bd6 15. Bxd6 Qxd6 16. b4 a6 17. a4 Rc7 18. a5 Rce7 19. Na4 Bc8 20. Nc5 g6 21. Ne5 N6d7 22. f4 f6 23. Ng4 h5 24. Nxd7 Bxd7 25. Ne5 Kg7 26. Bxg6 fxe5 27. Bxe8 Bxe8 28. dxe5 Qh6 29. Qc3 Nd7 30. e4 dxe4 31. Rbd1 Kg8 32. Rd6 Qg7 33. Qe3 Bf7 34. Qxe4 Bd5 35. Qg6 Nf8 36. Qxg7+ Rxg7 37. Rf2 Ng6 38. g4 hxg4 39. hxg4 Ne7 40. g5 Nf5 41. Rf6 Nd4 42. Kh2 Rh7+ 43. Kg3 Be6 44. f5 Nxf5+ 45. R2xf5 Bxf5 46. Rxf5 Rd7 47. e6 Rd3+ 48. Kf4 Rd1 49. Ke5 Kg7 50. Rf7+ Kg6 51. Rd7 Re1+ 52. Kd6 Kxg5 53. Rxb7 Kf6 54. Rf7+ Kg6 55. Rf4 Kg5 56. Rf8 Rd1+ 57. Kxc6 Rc1+ 58. Kb6 Re1 59. Re8 Kf6 60. Kxa6 1-0


[Site "https://www.chess.com"]

[Event "Titled Tuesday Blitz May 16 Early 2023"]
[White "Le, Tuan Minh"]
[Black "Mamedyarov, Shakhriyar"]
[WhiteFideId "12401153"]
[BlackFideId "13401319"]
[WhiteElo "2566"]
[BlackElo "2704"]
[Result "1-0"]
[Round "08"]
[TimeControl "180+2"]
[Date "2023.05.16"]
[WhiteClock "0:00:12"]
[BlackClock "0:00:00"]

1. d4 Nf6 2. Nf3 g6 3. Bg5 Bg7 4. Nbd2 O-O 5. c3 d5 6. e3 Nbd7 7. Bd3 Re8 8. O-O e5 9. e4 exd4 10. cxd4 dxe4 11. Nxe4 h6 12. Qb3 Rf8 13. Bh4 g5 14. Bg3 Nxe4 15. Bxe4 Nf6 16. Bd3 c6 17. Rfe1 Qb6 18. Qc2 Bg4 19. Ne5 Qxd4 20. Bc4 Bh5 21. h3 Rad8 22. Bb3 Nd5 23. Re4 Qb6 24. Rae1 Rfe8 25. Nc4 Rxe4 26. Qxe4 Qb4 27. Nd6 Qxe4 28. Rxe4 Bg6 29. Re1 Rd7 30. Nc8 Bxb2 31. Nxa7 Bc3 32. Rd1 Nf6 33. Rxd7 Nxd7 34. Nc8 Be5 35. Bxe5 Nxe5 36. a4 Nd7 37. a5 Nc5 38. Bc4 Ne4 39. f3 Nd2 40. Ba2 Bb1 41. Bxb1 Nxb1 42. Nd6 Kf8 43. Nxb7 Nc3 44. a6 Nb5 45. Kf2 Ke7 46. f4 gxf4 47. Kf3 Kd7 48. Kxf4 Kc7 49. g4 Kb6 50. Nd8 f6 51. Nf7 c5 52. Nxh6 c4 53. Nf5 c3 54. Ne3 Kxa6 55. h4 Nc7 56. Ke4 Kb6 57. h5 Kc5 58. h6 Ne6 59. Kf5 Nf8 60. Kxf6 Kd4 61. Nc2+ Kd3 62. Na3 Ke4 63. g5 Nd7+ 64. Kg7 Kf5 65. h7 1-0


[Site "https://www.chess.com"]

[Event "Titled Tuesday Blitz May 16 Early 2023"]
[White "Erigaisi Arjun"]
[Black "Hakobyan, Aram"]
[WhiteFideId "35009192"]
[BlackFideId "13306677"]
[WhiteElo "2719"]
[BlackElo "2584"]
[Result "1-0"]
[Round "08"]
[TimeControl "180+2"]
[Date "2023.05.16"]
[WhiteClock "0:00:19"]
[BlackClock "0:00:00"]

1. c4 g6 2. d4 Bg7 3. e4 d6 4. Be2 Nc6 5. Nf3 Bg4 6. Nbd2 Nf6 7. d5 Nb8 8. O-O O-O 9. Re1 Bxf3 10. Bxf3 Nbd7 11. Rb1 a5 12. b3 Nc5 13. Qc2 Nfd7 14. Be2 e6 15. Nf3 Re8 16. Bg5 Bf6 17. Bd2 exd5 18. exd5 Ne5 19. Bc3 Ng4 20. Bxf6 Qxf6 21. Bf1 Ne5 22. Nd2 Re7 23. h3 Rae8 24. Re3 Ned7 25. Rxe7 Qxe7 26. a3 Nf6 27. b4 axb4 28. axb4 Ncd7 29. Nf3 Ne5 30. Qb3 Ne4 31. Rd1 Qf6 32. Re1 Nxf3+ 33. Qxf3 Qxf3 34. gxf3 Nf6 35. Ra1 b6 36. Ra7 Re7 37. c5 bxc5 38. bxc5 Nxd5 39. Bc4 Re1+ 40. Kh2 Rd1 41. Bxd5 Rxd5 42. c6 Rc5 43. Rxc7 Kg7 44. Kg3 Rxc6 45. Rxc6 1-0


[Site "https://www.chess.com"]

[Event "Titled Tuesday Blitz May 16 Early 2023"]
[White "Lenderman, Aleksandr"]
[Black "Kovalenko, Igor"]
[WhiteFideId "2021285"]
[BlackFideId "14117908"]
[WhiteElo "2607"]
[BlackElo "2574"]
[Result "1-0"]
[Round "08"]
[TimeControl "180+2"]
[Date "2023.05.16"]
[WhiteClock "0:00:32"]
[BlackClock "0:00:12"]

1. Nf3 Nf6 2. c4 e6 3. Nc3 d5 4. e3 Nbd7 5. b3 b6 6. Bb2 Bb7 7. cxd5 exd5 8. Rc1 a6 9. Ne2 c5 10. d4 Be7 11. g3 O-O 12. Bg2 Rc8 13. O-O c4 14. Nd2 b5 15. bxc4 bxc4 16. Bc3 Bc6 17. Rb1 Qc7 18. Qc2 Rb8 19. Nf4 Bd6 20. Rxb8 Rxb8 21. Rb1 g6 22. Rxb8+ Qxb8 23. Nxc4 Bxf4 24. gxf4 Bb5 25. Ne5 Qc7 26. Qb2 h5 27. h3 Nf8 28. Be1 Ne4 29. f3 Nd6 30. Qc3 Qd8 31. Qc5 Nf5 32. Bf2 Ne6 33. Qb4 f6 34. a4 Be8 35. Nd3 a5 36. Qb3 Bc6 37. Nc5 Nxc5 38. dxc5 Kg7 39. Bf1 Qd7 40. Bb5 Ne7 41. Kg2 Qe6 42. Qc3 Kf7 43. Qxa5 g5 44. fxg5 fxg5 45. Qc7 g4 46. hxg4 Bxb5 47. axb5 hxg4 48. Qf4+ Ke8 49. Qxg4 Qf6 50. c6 Qc3 51. Qd7+ Kf8 52. c7 Qg7+ 53. Qg4 Qc3 54. b6 Qc6 55. Bh4 Qc2+ 56. Kh3 Nf5 1-0


[Site "https://www.chess.com"]

[Event "Titled Tuesday Blitz May 16 Early 2023"]
[White "Swiercz, Dariusz"]
[Black "JeRoma71"]
[WhiteFideId "1126881"]
[WhiteElo "2620"]
[BlackElo "2857"]
[Result "1/2-1/2"]
[Round "08"]
[TimeControl "180+2"]
[Date "2023.05.16"]
[WhiteClock "0:00:10"]
[BlackClock "0:00:08"]

1. d4 g6 2. Nf3 Bg7 3. Bf4 d6 4. e3 Nd7 5. Bc4 e6 6. h3 a6 7. a4 Ne7 8. O-O O-O 9. Bh2 b6 10. c3 Bb7 11. Nbd2 h6 12. Qe2 g5 13. Rfd1 Ng6 14. Nf1 Qe7 15. Ng3 Nf6 16. Qc2 g4 17. hxg4 Nxg4 18. d5 N6e5 19. Nxe5 Bxe5 20. Nf1 Nxh2 21. Nxh2 Bxh2+ 22. Kxh2 Qh4+ 23. Kg1 Qxc4 24. Rd4 Qc5 25. b4 Qxd5 26. Rxd5 Bxd5 27. c4 Bc6 28. e4 f5 29. exf5 Rxf5 30. Re1 Kf7 31. f3 Rg8 32. Kf2 Rfg5 33. g4 h5 34. b5 Ba8 35. Qh7+ R8g7 36. Qh6 R7g6 37. Qh8 Rg8 38. Qh7+ R8g7 39. Qh6 e5 40. gxh5 Rf5 41. Re3 axb5 42. axb5 Rf6 43. Qh8 Rg8 44. Qh7+ Rg7 45. Qb1 Bb7 46. Qa2 Bc8 47. Qa8 Bg4 48. Qd8 Bxh5 49. Qxc7+ Kg6 50. Qxb6 Rgf7 51. Qc6 Bg4 52. Qd5 Be6 53. Qxd6 Bxc4 54. Qxe5 Rf5 55. Qd6+ R7f6 56. Qd7 Bd5 57. Qe8+ Kg5 58. Re5 Bxf3 59. Rxf5+ Rxf5 60. Ke3 Bh5 61. Qd8+ Kg4 62. b6 Re5+ 63. Kd4 Re1 64. Kc5 Rc1+ 65. Kb4 Rb1+ 66. Kc3 Bg6 67. Qc7 Rc1+ 68. Kd4 Rxc7 69. bxc7 Bf5 70. Ke5 Bc8 71. Kf6 Kf4 72. Ke7 Ke5 73. Kd8 Ba6 74. c8=Q Bxc8 1/2-1/2


[Site "https://www.chess.com"]

[Event "Titled Tuesday Blitz May 16 Early 2023"]
[White "Suyarov, Mukhammadzokhid"]
[Black "Zakhartsov, Vladimir"]
[WhiteFideId "14210495"]
[BlackFideId "4145097"]
[WhiteElo "2361"]
[BlackElo "2495"]
[Result "0-1"]
[Round "08"]
[TimeControl "180+2"]
[Date "2023.05.16"]
[WhiteClock "0:00:00"]
[BlackClock "0:00:08"]

1. d4 Nf6 2. Nc3 d5 3. Bf4 a6 4. e3 b5 5. h4 h6 6. Nf3 e6 7. Bd3 Bb7 8. Ne2 c5 9. c3 Bd6 10. Ne5 Nc6 11. a4 c4 12. Bb1 Bxe5 13. dxe5 Nd7 14. Nd4 Ncxe5 15. axb5 axb5 16. Rxa8 Bxa8 17. Nxb5 Qb6 18. Qa4 O-O 19. O-O Nc5 20. Qc2 Ned3 21. Nd4 Qxb2 22. Qxb2 Nxb2 23. Bd6 Rc8 24. Bc2 Nba4 25. Ra1 Nb7 26. Bb4 Nac5 27. f4 Nd3 28. Be7 Nbc5 29. h5 Ne4 30. Ne2 Bc6 31. Ra3 Ra8 32. Rxa8+ Bxa8 33. g4 f6 34. Bd8 Kf7 35. Bb6 Bc6 36. Kg2 e5 37. f5 Ke7 38. Kh3 Ndf2+ 39. Kh4 Nd3 40. Ba5 Kf7 41. Ng1 Nec5 42. Nf3 Ba4 43. Bb1 Bb3 44. Nd2 Bd1 45. Ba2 Ke7 46. Bb6 Nb3 47. Nf1 Bc2 48. e4 Ndc1 49. Ne3 Bxe4 50. Bb1 Bxb1 51. Nxd5+ Kf7 52. Ne3 Bd3 53. Bc7 Ne2 54. Nd5 Be4 55. Ne3 Nd2 56. Ba5 Nf3+ 57. Kh3 Bd3 58. Kg2 Nd2 0-1


[Site "https://www.chess.com"]